[ AOE2 MATCH · #482144058 ]
UnrankedFranks vs Slavs
[ REPLAY ANALYSIS · EXTRACTED FROM THE RECORDED GAME ]
Feudal
9:17
Castle
24:16
Imperial
36:35
| APM avg | 67.7 |
| APM peak | 114 |
| eAPM avg | 34.1 |
| Villagers / military | 229 / 81 |
Focus
⚔️ 49.0% · 🌾 51.0%
Archer ×61 · Skirmisher ×15 · Trade Cart ×4 · Trebuchet (Packed) ×4 · Battering Ram ×1
Feudal
8:51
Castle
22:03
Imperial
—
| APM avg | 79.4 |
| APM peak | 122 |
| eAPM avg | 48.0 |
| Villagers / military | 146 / 209 |
Focus
⚔️ 63.8% · 🌾 36.2%
Knight ×125 · Scout Cavalry ×77 · Trade Cart ×13 · Monk ×6 · Warrior Priest ×1
Feudal
9:24
Castle
23:08
Imperial
—
| APM avg | 56.5 |
| APM peak | 85 |
| eAPM avg | 28.0 |
| Villagers / military | 141 / 96 |
Focus
⚔️ 40.5% · 🌾 59.5%
Archer ×82 · Boyar ×14
Feudal
10:04
Castle
22:53
Imperial
40:51
| APM avg | 45.1 |
| APM peak | 73 |
| eAPM avg | 22.3 |
| Villagers / military | 134 / 87 |
Focus
⚔️ 37.2% · 🌾 62.8%
Knight ×70 · Scout Cavalry ×17
Feudal
9:19
Castle
22:11
Imperial
38:10
| APM avg | 50.6 |
| APM peak | 89 |
| eAPM avg | 27.9 |
| Villagers / military | 168 / 110 |
Focus
⚔️ 49.1% · 🌾 50.9%
Konnik ×56 · Knight ×42 · Scout Cavalry ×11 · Monk ×1
Feudal
10:58
Castle
22:02
Imperial
—
| APM avg | 62.5 |
| APM peak | 109 |
| eAPM avg | 28.2 |
| Villagers / military | 132 / 58 |
Focus
⚔️ 34.9% · 🌾 65.1%
Fire Lancer ×37 · Iron Pagoda ×11 · Militia ×6 · Chu Ko Nu ×4
Feudal
9:20
Castle
22:31
Imperial
41:07
| APM avg | 71.7 |
| APM peak | 112 |
| eAPM avg | 31.4 |
| Villagers / military | 141 / 56 |
Focus
⚔️ 41.3% · 🌾 58.7%
Archer ×48 · Trade Cart ×7 · Monk ×4 · Mangonel ×4
Feudal
8:52
Castle
20:12
Imperial
40:33
| APM avg | 54.1 |
| APM peak | 82 |
| eAPM avg | 27.5 |
| Villagers / military | 196 / 131 |
Focus
⚔️ 40.6% · 🌾 59.4%
Knight ×123 · Scout Cavalry ×8
Match map
Initial resources + every placement click. Lines = walls · curves = elevation contours. ◆ gold · ⬟ stone · ● berries · ✦ relic · ◌ wall gap
Your base· ✓ Closed at 24:16 · 35t walls · no gate
12345's base· ✓ Closed at 22:03 · 47t walls · 1 gate(s)
[R1] Pume's base· Open — unwalled flank
c3mbrich!'s base· ✓ Closed at 22:53 · 40t walls · 1 gate(s)
BSL | Dragonstar's base· ✓ Closed at 22:11 · 44t walls · no gate
Oni.TaToH's base· Open — 1t gap
ANKR.Blve's base· Open — 6t gap
[R1] 12Tirador's base· ✓ Closed at 20:12 · 43t walls · 1 gate(s)
Smoothed initial terrain · ◌ = detected wall gap · hover for details
Inputs per minute
— OS +| NeoZz - - 12345
Build order — OS +| NeoZz
First 150 of 491 actions detected
| 0:01 | Create | Villager (Male) |
| 0:01 | Create | Villager (Male) |
| 0:02 | Build | House |
| 0:03 | Build | House |
| 0:08 | Create | Villager (Male) |
| 0:17 | Create | Villager (Male) |
| 1:24 | Create | Villager (Male) |
| 2:03 | Create | Villager (Male) |
| 2:28 | Create | Villager (Male) |
| 2:50 | Create | Villager (Male) |
| 2:50 | Create | Villager (Male) |
| 3:08 | Build | Lumber Camp |
| 3:11 | Create | Villager (Male) |
| 3:33 | Create | Villager (Male) |
| 3:58 | Build | House |
| 4:07 | Create | Villager (Male) |
| 4:09 | Create | Villager (Male) |
| 4:22 | Research | Loom |
| 4:31 | Create | Villager (Male) |
| 4:32 | Build | House |
| 4:50 | Create | Villager (Male) |
| 5:06 | Create | Villager (Male) |
| 5:09 | Create | Villager (Male) |
| 6:33 | Create | Villager (Male) |
| 6:39 | Build | Mining Camp |
| 7:07 | Research | Feudal Age |
| 8:15 | Build | Barracks |
| 8:23 | Create | Villager (Male) |
| 9:17 | Age | Feudal Age |
| 9:22 | Build | Archery Range |
| 9:22 | Create | Villager (Male) |
| 9:23 | Build | Archery Range |
| 9:32 | Research | Double-Bit Axe |
| 9:59 | Build | House |
| 10:04 | Create | Villager (Male) |
| 10:12 | Create | Archer |
| 10:19 | Build | House |
| 10:20 | Build | House |
| 10:21 | Create | Archer |
| 10:21 | Create | Archer |
| 10:22 | Create | Villager (Male) |
| 10:37 | Build | House |
| 10:49 | Create | Archer |
| 10:56 | Create | Villager (Male) |
| 11:07 | Create | Archer |
| 11:08 | Create | Archer |
| 11:12 | Build | Blacksmith |
| 11:13 | Build | House |
| 11:15 | Create | Villager (Male) |
| 11:15 | Create | Villager (Male) |
| 11:41 | Build | Mill |
| 11:46 | Create | Villager (Male) |
| 11:48 | Create | Archer |
| 11:49 | Create | Archer |
| 12:03 | Create | Villager (Male) |
| 12:03 | Create | Villager (Male) |
| 12:04 | Create | Archer |
| 12:08 | Build | Palisade Wall |
| 12:15 | Build | Farm |
| 12:21 | Build | House |
| 12:23 | Build | Palisade Wall |
| 12:23 | Build | Palisade Wall |
| 12:32 | Create | Villager (Male) |
| 12:34 | Create | Archer |
| 12:37 | Build | Palisade Wall |
| 12:40 | Build | Farm |
| 12:52 | Create | Archer |
| 13:02 | Build | Farm |
| 13:02 | Create | Archer |
| 13:10 | Create | Villager (Male) |
| 13:10 | Create | Villager (Male) |
| 13:15 | Build | House |
| 13:18 | Create | Archer |
| 13:25 | Create | Villager (Male) |
| 13:32 | Create | Villager (Male) |
| 13:37 | Build | Farm |
| 13:41 | Create | Archer |
| 13:51 | Create | Villager (Male) |
| 14:00 | Build | House |
| 14:04 | Create | Archer |
| 14:05 | Create | Archer |
| 14:06 | Create | Villager (Male) |
| 14:09 | Build | Palisade Wall |
| 14:23 | Research | Fletching |
| 14:23 | Research | Fletching |
| 14:30 | Build | Palisade Wall |
| 14:50 | Create | Villager (Male) |
| 14:50 | Create | Villager (Male) |
| 14:52 | Build | House |
| 14:54 | Create | Archer |
| 15:02 | Create | Villager (Male) |
| 15:06 | Build | Farm |
| 15:06 | Build | Farm |
| 15:08 | Create | Archer |
| 15:21 | Create | Villager (Male) |
| 15:24 | Build | Farm |
| 15:31 | Create | Archer |
| 15:39 | Create | Villager (Male) |
| 15:45 | Build | Farm |
| 15:50 | Build | House |
| 15:57 | Build | Palisade Wall |
| 15:58 | Create | Villager (Male) |
| 16:04 | Create | Archer |
| 16:07 | Create | Villager (Male) |
| 16:13 | Create | Archer |
| 16:21 | Research | Padded Archer Armor |
| 16:28 | Build | Farm |
| 16:30 | Create | Archer |
| 16:34 | Create | Villager (Male) |
| 16:37 | Build | Palisade Wall |
| 16:46 | Create | Archer |
| 16:48 | Create | Villager (Male) |
| 17:34 | Create | Villager (Male) |
| 17:36 | Build | Farm |
| 17:37 | Build | Farm |
| 17:41 | Build | Farm |
| 17:43 | Build | Farm |
| 17:49 | Create | Archer |
| 17:49 | Create | Archer |
| 17:50 | Create | Villager (Male) |
| 17:58 | Create | Villager (Male) |
| 17:59 | Build | Farm |
| 18:12 | Create | Villager (Male) |
| 18:16 | Create | Archer |
| 18:16 | Create | Archer |
| 18:18 | Create | Villager (Male) |
| 19:16 | Build | Farm |
| 19:25 | Create | Villager (Male) |
| 19:27 | Create | Villager (Male) |
| 19:33 | Build | Lumber Camp |
| 19:42 | Create | Villager (Male) |
| 19:55 | Build | Lumber Camp |
| 20:02 | Build | Farm |
| 20:04 | Create | Archer |
| 20:04 | Create | Archer |
| 20:05 | Create | Archer |
| 20:16 | Build | House |
| 20:19 | Build | Palisade Wall |
| 20:19 | Build | Palisade Wall |
| 20:35 | Create | Villager (Male) |
| 20:46 | Build | Archery Range |
| 20:47 | Build | Palisade Wall |
| 20:49 | Create | Archer |
| 20:50 | Create | Archer |
| 20:54 | Create | Archer |
| 21:05 | Build | Farm |
| 21:21 | Build | Lumber Camp |
| 21:36 | Research | Castle Age |
| 21:36 | Research | Castle Age |
| 21:51 | Build | Farm |
Build order — 12345
First 150 of 520 actions detected
| 0:00 | Create | Villager (Male) |
| 0:02 | Build | House |
| 0:02 | Build | House |
| 0:06 | Create | Villager (Male) ×3 |
| 1:24 | Create | Villager (Male) |
| 1:51 | Build | Mule Cart |
| 2:05 | Create | Villager (Male) |
| 2:19 | Create | Villager (Male) |
| 2:45 | Create | Villager (Male) |
| 2:45 | Create | Villager (Male) |
| 3:16 | Create | Villager (Male) |
| 3:27 | Build | House |
| 3:29 | Create | Villager (Male) |
| 3:46 | Create | Villager (Male) |
| 3:47 | Create | Villager (Male) |
| 3:53 | Create | Villager (Male) |
| 3:54 | Build | Mule Cart |
| 4:18 | Create | Villager (Male) |
| 4:58 | Build | House |
| 5:13 | Create | Villager (Male) |
| 5:16 | Create | Villager (Male) |
| 5:17 | Create | Villager (Male) |
| 5:45 | Create | Villager (Male) |
| 5:57 | Build | Mill |
| 6:10 | Create | Villager (Male) |
| 6:36 | Research | Feudal Age |
| 6:36 | Research | Feudal Age |
| 7:25 | Build | House |
| 7:45 | Research | Loom |
| 7:59 | Build | Barracks |
| 8:04 | Build | Barracks |
| 8:38 | Create | Villager (Male) |
| 8:51 | Age | Feudal Age |
| 9:05 | Create | Villager (Male) |
| 9:07 | Build | Stable |
| 9:27 | Create | Villager (Male) |
| 9:28 | Research | Double-Bit Axe |
| 9:33 | Research | Horse Collar |
| 9:35 | Build | House |
| 9:53 | Create | Villager (Male) |
| 10:04 | Build | Farm |
| 10:04 | Create | Scout Cavalry |
| 10:05 | Create | Scout Cavalry |
| 10:05 | Create | Scout Cavalry |
| 10:05 | Create | Scout Cavalry |
| 10:06 | Build | Farm |
| 10:24 | Create | Villager (Male) |
| 10:25 | Build | Farm |
| 10:28 | Research | Loom |
| 10:44 | Build | Palisade Wall |
| 10:45 | Build | Palisade Wall |
| 10:45 | Build | Palisade Wall |
| 10:46 | Build | Palisade Wall |
| 10:46 | Build | Palisade Wall |
| 10:47 | Build | Palisade Wall |
| 10:51 | Create | Scout Cavalry |
| 10:52 | Create | Villager (Male) |
| 10:53 | Build | Farm |
| 10:55 | Build | Farm |
| 11:07 | Create | Villager (Male) |
| 11:09 | Build | Farm |
| 11:18 | Build | Farm |
| 11:25 | Build | House |
| 11:31 | Create | Villager (Male) |
| 11:35 | Build | House |
| 11:37 | Build | Palisade Wall |
| 11:44 | Build | House |
| 11:46 | Build | Farm |
| 11:49 | Create | Scout Cavalry |
| 11:55 | Build | Farm |
| 12:06 | Create | Villager (Male) |
| 12:13 | Build | Farm |
| 12:15 | Build | Farm |
| 12:16 | Create | Villager (Male) |
| 12:39 | Build | Farm |
| 12:41 | Create | Scout Cavalry |
| 12:48 | Build | Farm |
| 12:53 | Create | Villager (Male) |
| 12:56 | Build | House |
| 12:57 | Build | House |
| 13:13 | Create | Villager (Male) |
| 13:16 | Build | Farm |
| 13:16 | Create | Scout Cavalry |
| 13:30 | Build | Palisade Wall |
| 13:33 | Create | Scout Cavalry |
| 13:35 | Build | Farm |
| 13:49 | Create | Villager (Male) |
| 13:55 | Create | Villager (Male) |
| 13:57 | Build | Farm |
| 14:00 | Build | Farm |
| 14:12 | Create | Scout Cavalry |
| 14:20 | Create | Scout Cavalry |
| 14:25 | Build | House |
| 14:28 | Build | Palisade Wall |
| 14:29 | Build | Palisade Wall |
| 14:32 | Create | Villager (Male) |
| 14:42 | Build | Mule Cart |
| 14:46 | Build | Palisade Wall |
| 14:48 | Build | Palisade Wall |
| 14:56 | Create | Scout Cavalry |
| 15:05 | Create | Scout Cavalry |
| 15:12 | Create | Villager (Male) |
| 15:16 | Build | Watch Tower |
| 15:22 | Build | Blacksmith |
| 15:25 | Create | Villager (Male) |
| 15:31 | Create | Scout Cavalry |
| 15:38 | Build | Palisade Wall |
| 15:41 | Create | Villager (Male) |
| 15:56 | Create | Scout Cavalry |
| 16:03 | Create | Villager (Male) |
| 16:08 | Research | Forging |
| 16:17 | Create | Scout Cavalry |
| 16:22 | Build | Farm |
| 16:36 | Build | Farm |
| 16:40 | Build | Farm |
| 16:41 | Build | Farm |
| 16:48 | Create | Villager (Male) |
| 17:03 | Research | Bloodlines |
| 17:03 | Research | Bloodlines |
| 17:04 | Create | Villager (Male) |
| 17:19 | Create | Villager (Male) |
| 18:08 | Research | Wheelbarrow |
| 18:13 | Build | House |
| 18:14 | Build | House |
| 18:15 | Build | Palisade Wall |
| 18:18 | Build | Palisade Wall |
| 18:41 | Build | Mule Cart |
| 18:44 | Research | Gold Mining |
| 18:59 | Build | Stable |
| 19:00 | Build | Palisade Wall |
| 19:21 | Research | Castle Age |
| 19:42 | Build | Stable |
| 19:44 | Build | Palisade Wall |
| 19:51 | Build | Palisade Wall |
| 19:54 | Research | Bloodlines |
| 20:05 | Build | Farm |
| 20:42 | Build | Palisade Gate |
| 20:47 | Create | Villager (Male) |
| 20:54 | Research | Scale Barding Armor |
| 22:03 | Age | Castle Age |
| 22:06 | Research | Husbandry |
| 22:06 | Create | Knight |
| 22:07 | Research | Chain Barding Armor |
| 22:08 | Create | Knight |
| 22:10 | Create | Knight |
| 22:16 | Build | Monastery |
| 22:19 | Create | Villager (Male) |
| 22:20 | Research | Bow Saw |
| 22:24 | Research | Heavy Plow |
| 22:34 | Create | Knight |
Build order — [R1] Pume
First 150 of 427 actions detected
| 0:00 | Create | Villager (Male) |
| 0:01 | Create | Villager (Male) |
| 0:02 | Build | House |
| 0:02 | Create | Villager (Male) |
| 0:03 | Build | House |
| 0:07 | Create | Villager (Male) |
| 1:23 | Create | Villager (Male) |
| 2:02 | Create | Villager (Male) |
| 2:06 | Create | Villager (Male) |
| 2:41 | Build | Lumber Camp |
| 2:52 | Create | Villager (Male) |
| 3:17 | Create | Villager (Male) |
| 3:22 | Create | Villager (Male) |
| 3:51 | Build | House |
| 3:52 | Build | House |
| 3:55 | Create | Villager (Male) |
| 4:20 | Create | Villager (Male) |
| 5:07 | Create | Villager (Male) |
| 5:31 | Create | Villager (Male) |
| 5:55 | Create | Villager (Male) |
| 6:09 | Build | Mining Camp |
| 6:22 | Create | Villager (Male) |
| 6:44 | Research | Loom |
| 7:10 | Create | Villager (Male) |
| 7:14 | Research | Feudal Age |
| 7:53 | Build | Barracks |
| 8:23 | Build | House |
| 8:45 | Build | Palisade Wall |
| 8:45 | Build | Palisade Wall |
| 9:16 | Create | Villager (Male) |
| 9:24 | Age | Feudal Age |
| 9:34 | Build | Archery Range |
| 9:35 | Build | Archery Range |
| 9:44 | Create | Villager (Male) |
| 10:04 | Create | Villager (Male) |
| 10:10 | Create | Villager (Male) |
| 10:17 | Build | Mill |
| 10:18 | Create | Archer |
| 10:21 | Build | House |
| 10:23 | Build | Palisade Wall |
| 10:37 | Create | Archer |
| 10:37 | Create | Archer |
| 10:50 | Create | Archer |
| 10:54 | Build | House |
| 10:56 | Build | Palisade Wall |
| 10:57 | Create | Archer |
| 10:58 | Create | Archer |
| 11:07 | Build | Farm |
| 11:10 | Create | Villager (Male) |
| 11:31 | Create | Archer |
| 11:53 | Create | Villager (Male) |
| 12:02 | Build | Blacksmith |
| 12:05 | Create | Archer |
| 12:06 | Create | Archer |
| 12:33 | Create | Archer |
| 12:34 | Create | Villager (Male) |
| 12:41 | Create | Villager (Male) |
| 12:42 | Build | Farm |
| 13:01 | Research | Fletching |
| 13:06 | Create | Archer |
| 13:18 | Create | Villager (Male) |
| 13:32 | Create | Archer |
| 13:36 | Build | Farm |
| 13:38 | Create | Archer |
| 13:39 | Create | Archer |
| 13:45 | Build | Farm |
| 13:52 | Create | Villager (Male) |
| 14:04 | Create | Archer |
| 14:04 | Create | Archer |
| 14:17 | Create | Villager (Male) |
| 14:20 | Build | Farm |
| 14:23 | Create | Archer |
| 14:26 | Create | Villager (Male) |
| 14:31 | Create | Villager (Male) |
| 14:34 | Create | Archer |
| 14:34 | Create | Archer |
| 14:48 | Create | Villager (Male) |
| 14:57 | Create | Archer |
| 15:01 | Create | Villager (Male) |
| 15:04 | Build | Farm |
| 15:05 | Build | Farm |
| 15:18 | Build | House |
| 15:19 | Build | Palisade Wall |
| 15:31 | Create | Archer |
| 15:32 | Create | Archer |
| 15:32 | Create | Archer |
| 15:32 | Create | Villager (Male) |
| 15:53 | Research | Double-Bit Axe |
| 15:54 | Create | Villager (Male) |
| 15:59 | Create | Archer |
| 16:05 | Create | Villager (Male) |
| 16:07 | Create | Archer |
| 16:17 | Create | Villager (Male) |
| 16:23 | Create | Villager (Male) |
| 16:29 | Create | Archer |
| 16:31 | Create | Villager (Male) |
| 16:36 | Create | Villager (Male) |
| 16:37 | Create | Villager (Male) |
| 16:52 | Research | Padded Archer Armor |
| 16:53 | Create | Villager (Male) |
| 17:28 | Create | Archer |
| 17:29 | Create | Archer |
| 17:29 | Create | Villager (Male) |
| 17:33 | Create | Villager (Male) |
| 17:34 | Build | Farm |
| 17:36 | Build | Farm |
| 17:37 | Build | Farm |
| 17:43 | Build | House |
| 17:47 | Create | Archer |
| 17:47 | Create | Archer |
| 17:57 | Build | Farm |
| 18:01 | Build | Farm |
| 18:07 | Build | House |
| 18:08 | Build | House |
| 18:17 | Build | Palisade Wall |
| 18:21 | Create | Archer |
| 18:22 | Create | Archer |
| 18:23 | Create | Villager (Male) |
| 18:29 | Create | Villager (Male) |
| 18:57 | Create | Archer |
| 18:57 | Create | Villager (Male) |
| 19:12 | Build | Market |
| 19:15 | Build | House |
| 19:22 | Create | Archer |
| 19:23 | Create | Archer |
| 19:23 | Create | Villager (Male) |
| 19:32 | Build | Palisade Wall |
| 19:39 | Build | Palisade Wall |
| 19:41 | Create | Archer |
| 19:49 | Create | Villager (Male) |
| 20:28 | Research | Castle Age |
| 20:37 | Build | Mining Camp |
| 20:44 | Create | Archer |
| 20:45 | Create | Archer |
| 20:55 | Create | Archer |
| 21:08 | Create | Archer |
| 21:22 | Create | Archer |
| 21:23 | Create | Archer |
| 21:28 | Build | Palisade Wall |
| 21:30 | Build | Palisade Wall |
| 21:32 | Build | Palisade Wall |
| 21:38 | Create | Villager (Male) |
| 21:46 | Create | Villager (Male) |
| 21:51 | Create | Archer |
| 22:04 | Build | House |
| 22:24 | Create | Archer |
| 22:31 | Build | House |
| 22:34 | Create | Archer |
| 23:00 | Build | Lumber Camp |
| 23:08 | Age | Castle Age |
Build order — c3mbrich!
First 150 of 345 actions detected
| 0:01 | Create | Villager (Male) |
| 0:02 | Create | Villager (Male) |
| 0:02 | Build | House |
| 0:04 | Build | House |
| 0:14 | Create | Villager (Male) |
| 0:29 | Create | Villager (Male) |
| 1:42 | Create | Villager (Male) |
| 1:56 | Build | Lumber Camp |
| 2:01 | Create | Villager (Male) |
| 2:17 | Create | Villager (Male) |
| 2:53 | Create | Villager (Male) |
| 3:04 | Build | House |
| 3:18 | Create | Villager (Male) |
| 3:36 | Create | Villager (Male) |
| 4:14 | Create | Villager (Male) |
| 4:14 | Create | Villager (Male) |
| 4:18 | Build | Mill |
| 4:42 | Create | Villager (Male) |
| 4:47 | Create | Villager (Male) |
| 5:03 | Build | House |
| 5:13 | Build | Palisade Wall |
| 5:15 | Create | Villager (Male) |
| 5:16 | Create | Villager (Male) |
| 5:23 | Build | Palisade Wall |
| 5:23 | Build | Palisade Wall |
| 5:40 | Research | Loom |
| 5:42 | Create | Villager (Male) |
| 5:42 | Create | Villager (Male) |
| 5:56 | Create | Villager (Male) |
| 6:12 | Create | Villager (Male) |
| 6:34 | Create | Villager (Male) |
| 6:41 | Create | Villager (Male) |
| 6:55 | Create | Villager (Male) |
| 7:03 | Create | Villager (Male) |
| 7:17 | Create | Villager (Male) |
| 7:52 | Research | Feudal Age |
| 7:59 | Build | Barracks |
| 8:01 | Build | House |
| 8:12 | Build | Palisade Gate |
| 8:12 | Build | Palisade Wall |
| 8:42 | Create | Villager (Male) |
| 8:57 | Build | Mill |
| 9:23 | Create | Villager (Male) |
| 10:04 | Age | Feudal Age |
| 10:06 | Build | Stable |
| 10:07 | Build | Palisade Wall |
| 10:08 | Create | Villager (Male) |
| 10:10 | Research | Double-Bit Axe |
| 10:12 | Research | Horse Collar |
| 10:13 | Create | Villager (Male) |
| 10:20 | Create | Villager (Male) |
| 10:28 | Build | Palisade Wall |
| 10:38 | Build | Farm |
| 10:48 | Create | Scout Cavalry |
| 10:48 | Create | Scout Cavalry |
| 10:55 | Create | Villager (Male) |
| 10:59 | Build | Farm |
| 11:12 | Build | Palisade Wall |
| 11:14 | Create | Villager (Male) |
| 11:18 | Create | Scout Cavalry |
| 11:23 | Build | Farm |
| 11:30 | Build | Farm |
| 11:44 | Create | Villager (Male) |
| 11:46 | Create | Villager (Male) |
| 11:50 | Build | Farm |
| 11:53 | Build | Farm |
| 11:59 | Create | Villager (Male) |
| 12:07 | Create | Villager (Male) |
| 12:13 | Build | Palisade Wall |
| 12:29 | Create | Scout Cavalry |
| 12:31 | Build | Palisade Wall |
| 12:33 | Build | Palisade Wall |
| 12:40 | Create | Villager (Male) |
| 12:41 | Build | Farm |
| 12:45 | Create | Villager (Male) |
| 12:52 | Create | Villager (Male) |
| 12:57 | Build | House |
| 13:03 | Create | Scout Cavalry |
| 13:15 | Create | Villager (Male) |
| 13:16 | Build | Farm |
| 13:23 | Build | Blacksmith |
| 13:34 | Create | Villager (Male) |
| 13:35 | Build | Farm |
| 13:37 | Build | Farm |
| 13:52 | Create | Scout Cavalry |
| 13:53 | Create | Villager (Male) |
| 13:57 | Build | House |
| 14:06 | Create | Scout Cavalry |
| 14:08 | Create | Villager (Male) |
| 14:15 | Research | Scale Barding Armor |
| 14:15 | Research | Scale Barding Armor |
| 14:23 | Create | Villager (Male) |
| 14:26 | Build | Farm |
| 14:36 | Create | Villager (Male) |
| 14:47 | Create | Scout Cavalry |
| 14:58 | Create | Scout Cavalry |
| 15:01 | Build | Farm |
| 15:02 | Build | Farm |
| 15:02 | Build | Farm |
| 15:06 | Create | Scout Cavalry |
| 15:10 | Build | Mining Camp |
| 15:16 | Build | Farm |
| 15:33 | Create | Scout Cavalry |
| 15:50 | Create | Villager (Male) |
| 16:07 | Create | Villager (Male) |
| 16:10 | Build | Farm |
| 16:10 | Build | Farm |
| 16:11 | Build | Farm |
| 16:20 | Create | Villager (Male) |
| 16:22 | Build | House |
| 16:24 | Build | Farm |
| 16:24 | Create | Villager (Male) |
| 16:58 | Create | Villager (Male) |
| 17:01 | Build | Farm |
| 17:04 | Build | Farm |
| 17:05 | Build | Farm |
| 17:20 | Research | Forging |
| 17:26 | Create | Scout Cavalry |
| 17:45 | Create | Scout Cavalry |
| 17:46 | Create | Villager (Male) |
| 18:01 | Build | Stable |
| 18:08 | Build | Mill |
| 18:12 | Build | House |
| 18:21 | Create | Scout Cavalry |
| 18:25 | Research | Bloodlines |
| 18:27 | Create | Villager (Male) |
| 18:27 | Create | Villager (Male) |
| 19:09 | Create | Villager (Male) |
| 19:11 | Create | Scout Cavalry |
| 19:13 | Create | Villager (Male) |
| 19:17 | Build | Farm |
| 19:18 | Build | Farm |
| 19:20 | Build | Farm |
| 19:34 | Build | Farm |
| 19:38 | Create | Villager (Male) |
| 20:13 | Research | Castle Age |
| 20:26 | Build | Farm |
| 21:09 | Research | Gold Mining |
| 21:35 | Create | Scout Cavalry |
| 21:35 | Create | Scout Cavalry |
| 21:39 | Research | Bloodlines |
| 22:07 | Create | Villager (Male) |
| 22:25 | Create | Villager (Male) |
| 22:53 | Age | Castle Age |
| 22:57 | Research | Light Cavalry (upgrade) |
| 22:57 | Create | Knight |
| 22:57 | Create | Knight |
| 23:03 | Create | Villager (Male) |
| 23:09 | Research | Bow Saw |
| 23:11 | Build | Town Center |
Build order — BSL | Dragonstar
First 150 of 481 actions detected
| 0:03 | Create | Villager (Male) |
| 0:04 | Create | Villager (Male) |
| 0:05 | Build | House |
| 0:06 | Build | House |
| 0:12 | Create | Villager (Male) |
| 0:18 | Create | Villager (Male) |
| 0:18 | Create | Villager (Male) |
| 1:16 | Create | Villager (Male) |
| 1:17 | Create | Villager (Male) |
| 2:00 | Create | Villager (Male) |
| 2:18 | Create | Villager (Male) |
| 2:18 | Create | Villager (Male) |
| 2:41 | Create | Villager (Male) |
| 2:41 | Create | Villager (Male) |
| 3:04 | Create | Villager (Male) |
| 3:04 | Create | Villager (Male) |
| 3:31 | Build | Lumber Camp |
| 3:44 | Create | Villager (Male) |
| 3:44 | Create | Villager (Male) |
| 3:55 | Create | Villager (Male) |
| 3:56 | Build | House |
| 4:04 | Create | Villager (Male) |
| 4:24 | Create | Villager (Male) |
| 4:24 | Create | Villager (Male) |
| 4:33 | Create | Villager (Male) |
| 4:54 | Create | Villager (Male) |
| 4:57 | Build | House |
| 5:24 | Create | Villager (Male) |
| 5:34 | Create | Villager (Male) |
| 5:57 | Research | Loom |
| 6:22 | Build | Mill |
| 6:58 | Research | Feudal Age |
| 8:27 | Build | Barracks |
| 9:07 | Build | House |
| 9:19 | Age | Feudal Age |
| 9:20 | Create | Villager (Male) |
| 9:29 | Create | Villager (Male) |
| 9:44 | Create | Villager (Male) |
| 9:46 | Build | Stable |
| 9:57 | Create | Villager (Male) |
| 10:10 | Create | Villager (Male) |
| 10:13 | Research | Double-Bit Axe |
| 10:15 | Research | Horse Collar |
| 10:15 | Research | Horse Collar |
| 10:28 | Build | House |
| 10:30 | Build | Palisade Wall |
| 10:31 | Build | Palisade Wall |
| 10:31 | Build | Palisade Wall |
| 10:31 | Build | Palisade Wall |
| 10:38 | Create | Villager (Male) |
| 10:39 | Create | Scout Cavalry |
| 10:39 | Create | Scout Cavalry |
| 10:44 | Build | House |
| 10:45 | Build | Palisade Wall |
| 10:51 | Create | Villager (Male) |
| 10:55 | Build | Farm |
| 11:17 | Build | House |
| 11:19 | Build | Palisade Wall |
| 11:20 | Create | Villager (Male) |
| 11:26 | Create | Scout Cavalry |
| 11:38 | Create | Villager (Male) |
| 11:53 | Build | Blacksmith |
| 11:54 | Build | House |
| 12:03 | Create | Villager (Male) |
| 12:05 | Build | Farm |
| 12:06 | Build | Farm |
| 12:10 | Build | Farm |
| 12:29 | Create | Villager (Male) |
| 12:33 | Build | Farm |
| 12:48 | Build | Farm |
| 12:51 | Create | Villager (Male) |
| 13:03 | Create | Villager (Male) |
| 13:04 | Build | Farm |
| 13:28 | Create | Scout Cavalry |
| 13:31 | Create | Villager (Male) |
| 13:36 | Build | House |
| 13:36 | Build | House |
| 13:37 | Build | Palisade Wall |
| 13:52 | Build | Farm |
| 13:52 | Build | Farm |
| 13:56 | Build | House |
| 13:59 | Build | Palisade Wall |
| 14:03 | Create | Villager (Male) |
| 14:12 | Build | Farm |
| 14:14 | Build | Farm |
| 14:15 | Build | Farm |
| 14:19 | Create | Scout Cavalry |
| 14:19 | Create | Scout Cavalry |
| 14:27 | Build | House |
| 14:28 | Build | Palisade Wall |
| 14:32 | Research | Scale Barding Armor |
| 14:33 | Research | Scale Barding Armor |
| 14:36 | Build | Farm |
| 14:48 | Create | Villager (Male) |
| 14:48 | Create | Villager (Male) |
| 15:02 | Create | Villager (Male) |
| 15:07 | Create | Villager (Male) |
| 15:09 | Build | Farm |
| 15:10 | Build | Farm |
| 15:27 | Create | Scout Cavalry |
| 15:33 | Build | Farm |
| 15:42 | Create | Scout Cavalry |
| 15:57 | Create | Villager (Male) |
| 15:59 | Build | Mining Camp |
| 16:05 | Create | Scout Cavalry |
| 16:09 | Research | Forging |
| 16:09 | Research | Forging |
| 16:09 | Research | Forging |
| 16:16 | Build | House |
| 16:25 | Create | Scout Cavalry |
| 16:32 | Create | Villager (Male) |
| 16:34 | Build | Farm |
| 16:35 | Build | Farm |
| 16:44 | Create | Villager (Male) |
| 16:47 | Build | Watch Tower |
| 16:51 | Build | Watch Tower |
| 16:58 | Create | Villager (Male) |
| 17:03 | Build | Market |
| 17:03 | Create | Villager (Male) |
| 17:09 | Create | Villager (Male) |
| 17:18 | Create | Villager (Male) |
| 17:23 | Research | Fletching |
| 17:24 | Create | Villager (Male) |
| 17:39 | Research | Fletching |
| 17:39 | Research | Fletching |
| 17:49 | Create | Villager (Male) |
| 17:53 | Build | Farm |
| 17:56 | Build | Farm |
| 17:56 | Build | Farm |
| 17:57 | Create | Villager (Male) |
| 18:07 | Research | Bloodlines |
| 18:55 | Create | Villager (Male) |
| 19:10 | Build | Lumber Camp |
| 19:31 | Research | Castle Age |
| 19:31 | Research | Castle Age |
| 19:32 | Research | Castle Age |
| 19:48 | Build | Stable |
| 20:06 | Build | House |
| 20:08 | Build | House |
| 20:33 | Build | Farm |
| 20:35 | Research | Gold Mining |
| 20:41 | Build | House |
| 20:42 | Build | House |
| 20:43 | Build | House |
| 20:52 | Build | House |
| 21:21 | Create | Villager (Male) |
| 21:30 | Research | Bloodlines |
| 22:11 | Age | Castle Age |
| 22:16 | Create | Knight |
| 22:16 | Create | Scout Cavalry |
Build order — Oni.TaToH
First 150 of 324 actions detected
| 0:00 | Research | Loom |
| 0:49 | Create | Villager (Male) |
| 1:16 | Create | Villager (Male) |
| 1:16 | Create | Villager (Male) |
| 1:41 | Create | Villager (Male) |
| 2:18 | Create | Villager (Male) |
| 2:32 | Create | Villager (Male) |
| 2:33 | Create | Villager (Male) |
| 2:44 | Build | Lumber Camp |
| 2:55 | Create | Villager (Male) |
| 3:14 | Create | Villager (Male) |
| 3:42 | Create | Villager (Male) |
| 3:42 | Create | Villager (Male) |
| 3:55 | Build | House |
| 4:08 | Create | Villager (Male) |
| 4:26 | Build | House |
| 4:41 | Create | Villager (Male) |
| 4:49 | Create | Villager (Male) |
| 4:59 | Build | Barracks |
| 5:18 | Create | Villager (Male) |
| 5:39 | Create | Militia |
| 5:39 | Create | Militia |
| 5:51 | Create | Villager (Male) |
| 5:52 | Build | Mill |
| 6:32 | Create | Villager (Male) |
| 6:34 | Create | Villager (Male) |
| 6:47 | Build | Mining Camp |
| 6:55 | Create | Villager (Male) |
| 7:03 | Create | Villager (Male) |
| 7:38 | Create | Villager (Male) |
| 8:17 | Build | Mill |
| 8:48 | Research | Feudal Age |
| 8:52 | Build | Farm |
| 8:54 | Build | Farm |
| 9:12 | Create | Militia |
| 9:31 | Build | Farm |
| 9:32 | Build | Farm |
| 9:36 | Create | Militia |
| 9:56 | Build | House |
| 10:01 | Create | Militia |
| 10:20 | Create | Militia |
| 10:31 | Build | Mining Camp |
| 10:58 | Create | Villager (Male) |
| 10:58 | Age | Feudal Age |
| 11:05 | Research | Man-at-Arms (upgrade) |
| 11:05 | Research | Man-at-Arms (upgrade) |
| 11:08 | Build | Watch Tower |
| 11:21 | Research | Double-Bit Axe |
| 11:29 | Build | Farm |
| 11:42 | Create | Villager (Male) |
| 11:50 | Build | House |
| 11:51 | Build | House |
| 11:55 | Build | Palisade Wall |
| 11:56 | Build | Palisade Wall |
| 11:56 | Build | Palisade Wall |
| 11:57 | Build | Palisade Wall |
| 11:57 | Build | Palisade Wall |
| 11:57 | Build | Palisade Wall |
| 12:11 | Build | Farm |
| 12:12 | Create | Villager (Male) |
| 12:23 | Create | Villager (Male) |
| 12:39 | Build | Farm |
| 12:41 | Build | Watch Tower |
| 12:46 | Build | Palisade Wall |
| 12:47 | Create | Villager (Male) |
| 12:50 | Build | Palisade Wall |
| 12:56 | Build | Gate |
| 13:08 | Create | Villager (Male) |
| 13:17 | Build | House |
| 13:20 | Create | Villager (Male) |
| 13:41 | Build | Stone Wall |
| 13:47 | Create | Villager (Male) |
| 13:50 | Build | House |
| 13:51 | Build | Palisade Wall |
| 13:55 | Build | Farm |
| 14:16 | Create | Villager (Male) |
| 14:20 | Build | Palisade Wall |
| 14:28 | Build | Farm |
| 14:43 | Create | Villager (Male) |
| 14:47 | Build | Palisade Gate |
| 14:52 | Build | Watch Tower |
| 15:09 | Create | Villager (Male) |
| 15:19 | Build | Farm |
| 15:24 | Build | Palisade Wall |
| 15:24 | Build | Palisade Wall |
| 15:30 | Build | Farm |
| 15:43 | Create | Villager (Male) |
| 16:09 | Create | Villager (Male) |
| 16:30 | Create | Villager (Male) |
| 16:38 | Research | Arson |
| 16:47 | Build | Watch Tower |
| 16:53 | Create | Villager (Male) |
| 17:02 | Build | Blacksmith |
| 17:22 | Create | Villager (Male) |
| 17:50 | Build | Farm |
| 17:51 | Create | Villager (Male) |
| 18:00 | Build | Lumber Camp |
| 18:18 | Create | Villager (Male) |
| 18:35 | Build | Market |
| 18:40 | Create | Villager (Male) |
| 19:14 | Build | Farm |
| 19:22 | Research | Castle Age |
| 19:42 | Build | Lumber Camp |
| 19:43 | Research | Scale Mail Armor |
| 20:09 | Research | Gold Mining |
| 20:19 | Research | Horse Collar |
| 20:34 | Build | Barracks |
| 21:20 | Build | Barracks |
| 21:32 | Create | Villager (Male) |
| 21:53 | Research | Town Watch |
| 22:02 | Age | Castle Age |
| 22:04 | Build | Siege Workshop |
| 22:04 | Create | Fire Lancer |
| 22:05 | Create | Fire Lancer |
| 22:07 | Research | Squires |
| 22:07 | Research | Squires |
| 22:12 | Create | Villager (Male) |
| 22:15 | Create | Fire Lancer |
| 22:20 | Research | Bow Saw |
| 22:21 | Create | Villager (Male) |
| 22:34 | Create | Iron Pagoda |
| 22:34 | Create | Iron Pagoda |
| 22:41 | Build | Watch Tower |
| 22:46 | Create | Villager (Male) |
| 22:52 | Create | Fire Lancer |
| 22:52 | Create | Fire Lancer |
| 22:54 | Create | Villager (Male) |
| 23:10 | Create | Iron Pagoda |
| 23:11 | Create | Iron Pagoda |
| 23:12 | Create | Villager (Male) |
| 23:26 | Create | Villager (Male) |
| 23:32 | Build | Lumber Camp |
| 23:40 | Create | Fire Lancer |
| 23:40 | Create | Fire Lancer |
| 23:53 | Research | Fletching |
| 23:53 | Research | Fletching |
| 24:04 | Create | Villager (Male) |
| 24:14 | Create | Fire Lancer |
| 24:24 | Create | Fire Lancer |
| 24:35 | Create | Villager (Male) |
| 24:35 | Create | Fire Lancer |
| 24:46 | Create | Villager (Male) |
| 24:53 | Create | Iron Pagoda |
| 24:59 | Create | Villager (Male) |
| 25:15 | Create | Villager (Male) |
| 25:19 | Create | Fire Lancer |
| 25:33 | Create | Villager (Male) |
| 26:05 | Build | House |
| 26:06 | Create | Iron Pagoda |
| 26:18 | Create | Villager (Male) |
Build order — ANKR.Blve
First 150 of 371 actions detected
| 0:01 | Create | Villager (Male) ×4 |
| 0:01 | Create | Villager (Male) ×4 |
| 0:03 | Build | House |
| 0:26 | Build | Mill |
| 0:29 | Build | Mill |
| 1:36 | Create | Villager (Male) |
| 1:51 | Create | Villager (Male) |
| 2:09 | Build | House |
| 2:10 | Build | House |
| 2:18 | Research | Loom |
| 2:23 | Create | Villager (Male) |
| 2:42 | Create | Villager (Male) |
| 3:50 | Create | Villager (Male) |
| 3:50 | Create | Villager (Male) |
| 3:51 | Create | Villager (Male) |
| 4:04 | Create | Villager (Male) |
| 4:08 | Create | Villager (Male) |
| 4:30 | Create | Villager (Male) |
| 4:53 | Create | Villager (Male) |
| 5:16 | Build | Lumber Camp |
| 6:08 | Create | Villager (Male) |
| 7:04 | Research | Feudal Age |
| 7:08 | Build | Mining Camp |
| 7:36 | Build | House |
| 7:38 | Build | Palisade Wall |
| 8:17 | Build | Barracks |
| 8:23 | Create | Villager (Male) |
| 8:47 | Build | House |
| 8:51 | Build | House |
| 9:12 | Create | Villager (Male) |
| 9:20 | Age | Feudal Age |
| 9:34 | Build | Archery Range |
| 9:38 | Build | Archery Range |
| 9:58 | Create | Villager (Male) |
| 10:01 | Research | Double-Bit Axe |
| 10:13 | Create | Villager (Male) |
| 10:29 | Build | Farm |
| 10:33 | Create | Archer |
| 10:33 | Create | Archer |
| 10:34 | Build | House |
| 10:40 | Build | Palisade Wall |
| 10:42 | Build | Palisade Wall |
| 10:43 | Build | Palisade Wall |
| 10:46 | Build | Palisade Wall |
| 10:55 | Create | Archer |
| 10:55 | Create | Archer |
| 10:56 | Create | Villager (Male) |
| 11:10 | Create | Villager (Male) |
| 11:14 | Create | Villager (Male) |
| 11:15 | Build | Farm |
| 11:20 | Create | Villager (Male) |
| 11:40 | Create | Villager (Male) |
| 11:48 | Create | Villager (Male) |
| 11:57 | Build | House |
| 12:04 | Build | House |
| 12:07 | Build | Blacksmith |
| 12:14 | Build | Mining Camp |
| 12:22 | Create | Archer |
| 12:22 | Create | Archer |
| 12:44 | Build | Farm |
| 12:49 | Build | Farm |
| 13:02 | Create | Villager (Male) |
| 13:03 | Create | Villager (Male) |
| 13:05 | Create | Archer |
| 13:11 | Create | Villager (Male) |
| 13:15 | Build | Farm |
| 13:19 | Create | Archer |
| 13:22 | Build | Farm |
| 13:24 | Create | Villager (Male) |
| 13:28 | Research | Town Watch |
| 13:31 | Create | Villager (Male) |
| 13:34 | Build | House |
| 13:41 | Create | Archer |
| 13:42 | Create | Archer |
| 13:55 | Create | Villager (Male) |
| 13:57 | Build | Farm |
| 13:59 | Create | Archer |
| 14:02 | Create | Villager (Male) |
| 14:21 | Research | Horse Collar |
| 14:23 | Create | Archer |
| 14:23 | Create | Archer |
| 14:23 | Create | Archer |
| 14:30 | Create | Archer |
| 14:30 | Create | Archer |
| 14:39 | Create | Villager (Male) |
| 14:53 | Create | Villager (Male) |
| 14:54 | Build | Farm |
| 14:57 | Create | Villager (Male) |
| 14:58 | Create | Villager (Male) |
| 15:00 | Create | Villager (Male) |
| 15:08 | Create | Villager (Male) |
| 15:09 | Create | Villager (Male) |
| 15:16 | Create | Archer |
| 15:16 | Create | Archer |
| 15:20 | Build | House |
| 15:39 | Build | Farm |
| 15:41 | Build | Farm |
| 15:43 | Build | Farm |
| 15:51 | Create | Archer |
| 15:52 | Create | Archer |
| 16:00 | Create | Villager (Male) |
| 16:01 | Build | House |
| 16:08 | Create | Archer |
| 16:08 | Create | Archer |
| 16:25 | Create | Villager (Male) |
| 16:45 | Build | Farm |
| 16:46 | Build | Farm |
| 17:11 | Create | Villager (Male) |
| 17:18 | Research | Fletching |
| 17:39 | Create | Villager (Male) |
| 17:48 | Create | Archer |
| 17:48 | Create | Archer |
| 17:54 | Build | House |
| 17:57 | Build | Lumber Camp |
| 18:00 | Build | Farm |
| 18:11 | Research | Wheelbarrow |
| 18:11 | Research | Wheelbarrow |
| 18:12 | Create | Archer |
| 18:13 | Create | Archer |
| 18:35 | Build | House |
| 18:54 | Create | Archer |
| 18:54 | Create | Archer |
| 18:55 | Create | Villager (Male) |
| 19:06 | Build | House |
| 19:19 | Create | Villager (Male) |
| 19:23 | Build | House |
| 19:29 | Build | House |
| 19:41 | Create | Archer |
| 19:41 | Create | Archer |
| 19:45 | Create | Villager (Male) |
| 19:51 | Research | Castle Age |
| 19:51 | Research | Castle Age |
| 19:57 | Build | Lumber Camp |
| 20:35 | Build | House |
| 20:41 | Create | Archer |
| 20:42 | Create | Archer |
| 20:44 | Build | Farm |
| 20:54 | Build | House |
| 20:59 | Build | House |
| 20:59 | Build | House |
| 21:00 | Build | House |
| 21:06 | Create | Archer |
| 21:07 | Create | Archer |
| 21:14 | Research | Gold Mining |
| 21:14 | Research | Gold Mining |
| 21:31 | Build | Farm |
| 21:44 | Create | Archer |
| 21:45 | Create | Archer |
| 22:11 | Create | Villager (Male) |
| 22:31 | Age | Castle Age |
Build order — [R1] 12Tirador
First 150 of 480 actions detected
| 0:00 | Create | Villager (Male) |
| 0:00 | Create | Villager (Male) |
| 0:01 | Build | House |
| 0:03 | Build | House |
| 0:12 | Create | Villager (Male) |
| 0:12 | Create | Villager (Male) |
| 1:24 | Create | Villager (Male) |
| 1:27 | Build | Lumber Camp |
| 2:01 | Create | Villager (Male) |
| 2:26 | Create | Villager (Male) |
| 2:41 | Create | Villager (Male) |
| 3:12 | Create | Villager (Male) |
| 3:12 | Create | Villager (Male) |
| 3:32 | Build | Mill |
| 3:37 | Create | Villager (Male) |
| 3:59 | Build | House |
| 4:10 | Create | Villager (Male) |
| 4:49 | Create | Villager (Male) |
| 4:50 | Create | Villager (Male) |
| 5:27 | Create | Villager (Male) |
| 5:54 | Build | House |
| 5:56 | Build | Palisade Wall |
| 6:13 | Research | Loom |
| 6:17 | Research | Loom |
| 6:42 | Research | Feudal Age |
| 7:36 | Build | Barracks |
| 7:53 | Create | Villager (Male) |
| 8:52 | Age | Feudal Age |
| 8:54 | Create | Villager (Male) |
| 8:55 | Build | Stable |
| 8:56 | Research | Double-Bit Axe |
| 9:07 | Create | Villager (Male) |
| 9:22 | Create | Villager (Male) |
| 9:36 | Create | Villager (Male) |
| 9:37 | Create | Scout Cavalry |
| 9:44 | Build | Farm |
| 9:59 | Create | Scout Cavalry |
| 10:07 | Build | Farm |
| 10:20 | Build | House |
| 10:21 | Build | House |
| 10:36 | Build | Farm |
| 10:38 | Create | Scout Cavalry |
| 10:46 | Create | Scout Cavalry |
| 10:56 | Create | Villager (Male) |
| 10:58 | Build | Farm |
| 10:58 | Build | Farm |
| 11:10 | Create | Scout Cavalry |
| 11:15 | Create | Villager (Male) |
| 11:19 | Research | Horse Collar |
| 11:19 | Research | Horse Collar |
| 11:23 | Build | Palisade Wall |
| 11:25 | Build | Palisade Wall |
| 11:45 | Create | Villager (Male) |
| 12:02 | Build | Farm |
| 12:10 | Create | Villager (Male) |
| 12:24 | Build | Palisade Wall |
| 12:26 | Build | Palisade Wall |
| 12:31 | Create | Villager (Male) |
| 12:34 | Build | Farm |
| 12:35 | Build | Farm |
| 12:39 | Create | Scout Cavalry |
| 12:50 | Create | Villager (Male) |
| 13:02 | Build | Farm |
| 13:13 | Create | Villager (Male) |
| 13:28 | Create | Scout Cavalry |
| 13:43 | Build | Blacksmith |
| 13:47 | Create | Scout Cavalry |
| 13:50 | Create | Villager (Male) |
| 14:00 | Build | Farm |
| 14:01 | Build | Farm |
| 14:04 | Create | Villager (Male) |
| 14:11 | Build | Farm |
| 14:12 | Create | Villager (Male) |
| 14:18 | Build | Palisade Wall |
| 14:24 | Create | Villager (Male) |
| 14:34 | Create | Villager (Male) |
| 14:51 | Build | Mining Camp |
| 15:13 | Create | Villager (Male) |
| 15:15 | Create | Villager (Male) |
| 15:20 | Create | Villager (Male) |
| 15:22 | Create | Villager (Male) |
| 15:26 | Create | Villager (Male) |
| 15:36 | Create | Villager (Male) |
| 15:43 | Create | Villager (Male) |
| 15:49 | Build | Palisade Gate |
| 15:50 | Build | Palisade Wall |
| 15:52 | Build | House |
| 15:56 | Build | Farm |
| 15:57 | Build | Farm |
| 15:57 | Build | Farm |
| 15:58 | Build | Farm |
| 15:58 | Build | Farm |
| 15:58 | Build | Farm |
| 16:15 | Create | Villager (Male) |
| 16:52 | Create | Villager (Male) |
| 16:57 | Build | Farm |
| 16:57 | Build | Farm |
| 17:32 | Research | Castle Age |
| 17:34 | Create | Villager (Male) |
| 17:51 | Build | Watch Tower |
| 18:06 | Build | Stable |
| 18:32 | Research | Scale Barding Armor |
| 18:38 | Build | House |
| 18:44 | Build | Lumber Camp |
| 19:01 | Build | Market |
| 19:04 | Create | Villager (Male) |
| 19:10 | Research | Forging |
| 19:14 | Build | House |
| 19:23 | Create | Villager (Male) |
| 19:44 | Build | House |
| 19:45 | Build | House |
| 19:56 | Build | House |
| 20:12 | Age | Castle Age |
| 20:13 | Research | Chain Barding Armor |
| 20:13 | Research | Chain Barding Armor |
| 20:14 | Create | Knight |
| 20:14 | Create | Knight |
| 20:15 | Research | Bow Saw |
| 20:24 | Create | Knight |
| 20:37 | Create | Knight |
| 20:37 | Create | Villager (Male) |
| 20:52 | Create | Villager (Male) |
| 20:56 | Create | Knight |
| 21:02 | Create | Villager (Male) |
| 21:03 | Create | Villager (Male) |
| 21:03 | Create | Villager (Male) |
| 21:27 | Create | Knight |
| 21:31 | Create | Villager (Male) |
| 21:32 | Build | Farm |
| 21:33 | Create | Villager (Male) |
| 21:33 | Create | Villager (Male) |
| 21:41 | Create | Villager (Male) |
| 21:49 | Create | Knight |
| 21:53 | Create | Villager (Male) |
| 21:56 | Research | Iron Casting |
| 22:13 | Create | Knight |
| 22:35 | Create | Villager (Male) |
| 22:41 | Create | Knight |
| 22:42 | Create | Knight |
| 22:55 | Create | Villager (Male) |
| 22:57 | Create | Villager (Male) |
| 23:02 | Create | Knight |
| 23:14 | Create | Villager (Male) |
| 23:16 | Create | Knight |
| 23:17 | Create | Villager (Male) |
| 23:28 | Create | Villager (Male) |
| 23:45 | Create | Villager (Male) |
| 23:48 | Create | Knight |
| 23:49 | Create | Knight |
| 24:00 | Build | Town Center |
Match timeline
| 4:59 | Oni.TaToH · first_building Barracks |
| 5:13 | c3mbrich! · wall_segment Palisade Wall x1 |
| 5:23 | c3mbrich! · wall_segment Palisade Wall x1 |
| 5:23 | c3mbrich! · wall_segment Palisade Wall x1 |
| 5:56 | [R1] 12Tirador · wall_segment Palisade Wall x4 |
| 7:36 | [R1] 12Tirador · first_building Barracks |
| 7:38 | ANKR.Blve · wall_segment Palisade Wall x1 |
| 7:53 | [R1] Pume · first_building Barracks |
| 7:59 | c3mbrich! · first_building Barracks |
| 7:59 | 12345 · first_building Barracks |
| 8:12 | c3mbrich! · wall_segment Palisade Wall x1 |
| 8:15 | OS +| NeoZz · first_building Barracks |
| 8:17 | ANKR.Blve · first_building Barracks |
| 8:27 | BSL | Dragonstar · first_building Barracks |
| 8:45 | [R1] Pume · wall_segment Palisade Wall x1 |
| 8:45 | [R1] Pume · wall_segment Palisade Wall x1 |
| 8:51 | 12345 · age_up feudal |
| 8:52 | [R1] 12Tirador · age_up feudal |
| 8:55 | [R1] 12Tirador · first_building Stable |
| 9:07 | 12345 · first_building Stable |
| 9:17 | OS +| NeoZz · age_up feudal |
| 9:19 | BSL | Dragonstar · age_up feudal |
| 9:20 | ANKR.Blve · age_up feudal |
| 9:22 | OS +| NeoZz · first_building Archery Range |
| 9:24 | [R1] Pume · age_up feudal |
| 9:34 | [R1] Pume · first_building Archery Range |
| 9:34 | ANKR.Blve · first_building Archery Range |
| 9:46 | BSL | Dragonstar · first_building Stable |
| 10:04 | c3mbrich! · age_up feudal |
| 10:06 | c3mbrich! · first_building Stable |
| 10:07 | c3mbrich! · wall_segment Palisade Wall x1 |
| 10:23 | [R1] Pume · wall_segment Palisade Wall x1 |
| 10:28 | c3mbrich! · wall_segment Palisade Wall x1 |
| 10:30 | BSL | Dragonstar · wall_segment Palisade Wall x1 |
| 10:31 | BSL | Dragonstar · wall_segment Palisade Wall x1 |
| 10:31 | BSL | Dragonstar · wall_segment Palisade Wall x2 |
| 10:31 | BSL | Dragonstar · wall_segment Palisade Wall x1 |
| 10:40 | ANKR.Blve · wall_segment Palisade Wall x1 |
| 10:42 | ANKR.Blve · wall_segment Palisade Wall x1 |
| 10:43 | ANKR.Blve · wall_segment Palisade Wall x1 |
| 10:44 | 12345 · wall_segment Palisade Wall x1 |
| 10:45 | 12345 · wall_segment Palisade Wall x1 |
| 10:45 | 12345 · wall_segment Palisade Wall x1 |
| 10:45 | BSL | Dragonstar · wall_segment Palisade Wall x4 |
| 10:46 | 12345 · wall_segment Palisade Wall x1 |
| 10:46 | 12345 · wall_segment Palisade Wall x1 |
| 10:46 | ANKR.Blve · wall_segment Palisade Wall x1 |
| 10:47 | 12345 · wall_segment Palisade Wall x1 |
| 10:56 | [R1] Pume · wall_segment Palisade Wall x8 |
| 10:58 | Oni.TaToH · age_up feudal |
| 11:12 | c3mbrich! · wall_segment Palisade Wall x9 |
| 11:19 | BSL | Dragonstar · wall_segment Palisade Wall x9 |
| 11:23 | [R1] 12Tirador · wall_segment Palisade Wall x3 |
| 11:25 | [R1] 12Tirador · wall_segment Palisade Wall x2 |
| 11:37 | 12345 · wall_segment Palisade Wall x1 |
| 11:55 | Oni.TaToH · wall_segment Palisade Wall x1 |
| 11:56 | Oni.TaToH · wall_segment Palisade Wall x3 |
| 11:56 | Oni.TaToH · wall_segment Palisade Wall x2 |
| 11:57 | Oni.TaToH · wall_segment Palisade Wall x1 |
| 11:57 | Oni.TaToH · wall_segment Palisade Wall x2 |
| 11:57 | Oni.TaToH · wall_segment Palisade Wall x1 |
| 12:08 | OS +| NeoZz · wall_segment Palisade Wall x1 |
| 12:13 | c3mbrich! · wall_segment Palisade Wall x7 |
| 12:23 | OS +| NeoZz · wall_segment Palisade Wall x1 |
| 12:23 | OS +| NeoZz · wall_segment Palisade Wall x1 |
| 12:24 | [R1] 12Tirador · wall_segment Palisade Wall x13 |
| 12:26 | [R1] 12Tirador · wall_segment Palisade Wall x13 |
| 12:31 | c3mbrich! · wall_segment Palisade Wall x10 |
| 12:33 | c3mbrich! · wall_segment Palisade Wall x8 |
| 12:37 | OS +| NeoZz · wall_segment Palisade Wall x1 |
| 12:46 | Oni.TaToH · wall_segment Palisade Wall x6 |
| 12:50 | Oni.TaToH · wall_segment Palisade Wall x9 |
| 13:30 | 12345 · wall_segment Palisade Wall x1 |
| 13:37 | BSL | Dragonstar · wall_segment Palisade Wall x7 |
| 13:41 | Oni.TaToH · wall_segment Stone Wall x1 |
| 13:51 | Oni.TaToH · wall_segment Palisade Wall x5 |
| 13:59 | BSL | Dragonstar · wall_segment Palisade Wall x14 |
| 14:09 | OS +| NeoZz · wall_segment Palisade Wall x7 |
| 14:18 | [R1] 12Tirador · wall_segment Palisade Wall x6 |
| 14:20 | Oni.TaToH · wall_segment Palisade Wall x4 |
| 14:28 | 12345 · wall_segment Palisade Wall x4 |
| 14:28 | BSL | Dragonstar · wall_segment Palisade Wall x7 |
| 14:29 | 12345 · wall_segment Palisade Wall x5 |
| 14:30 | OS +| NeoZz · wall_segment Palisade Wall x6 |
| 14:46 | 12345 · wall_segment Palisade Wall x1 |
| 14:48 | 12345 · wall_segment Palisade Wall x6 |
| 15:19 | [R1] Pume · wall_segment Palisade Wall x13 |
| 15:24 | Oni.TaToH · wall_segment Palisade Wall x1 |
| 15:24 | Oni.TaToH · wall_segment Palisade Wall x1 |
| 15:38 | 12345 · wall_segment Palisade Wall x1 |
| 15:50 | [R1] 12Tirador · wall_segment Palisade Wall x4 |
| 15:57 | OS +| NeoZz · wall_segment Palisade Wall x11 |
| 16:37 | OS +| NeoZz · wall_segment Palisade Wall x3 |
| 18:15 | 12345 · wall_segment Palisade Wall x3 |
| 18:17 | [R1] Pume · wall_segment Palisade Wall x5 |
| 18:18 | 12345 · wall_segment Palisade Wall x15 |
| 19:00 | 12345 · wall_segment Palisade Wall x1 |
| 19:22 | Oni.TaToH · first_market_buy 100 food |
| 19:32 | [R1] Pume · wall_segment Palisade Wall x15 |
| 19:39 | [R1] Pume · wall_segment Palisade Wall x16 |
| 19:44 | 12345 · wall_segment Palisade Wall x2 |
| 19:51 | 12345 · wall_segment Palisade Wall x1 |
| 20:12 | [R1] 12Tirador · age_up castle |
| 20:19 | OS +| NeoZz · wall_segment Palisade Wall x3 |
| 20:19 | OS +| NeoZz · wall_segment Palisade Wall x2 |
| 20:47 | OS +| NeoZz · wall_segment Palisade Wall x1 |
| 21:28 | [R1] Pume · wall_segment Palisade Wall x1 |
| 21:30 | [R1] Pume · wall_segment Palisade Wall x1 |
| 21:32 | [R1] Pume · wall_segment Palisade Wall x1 |
| 21:55 | [R1] 12Tirador · first_market_sell 100 food |
| 22:02 | Oni.TaToH · age_up castle |
| 22:03 | 12345 · age_up castle |
| 22:04 | Oni.TaToH · first_building Siege Workshop |
| 22:11 | BSL | Dragonstar · age_up castle |
| 22:16 | 12345 · first_building Monastery |
| 22:31 | ANKR.Blve · age_up castle |
| 22:53 | c3mbrich! · age_up castle |
| 23:08 | [R1] Pume · age_up castle |
| 23:11 | ANKR.Blve · first_building Siege Workshop |
| 23:37 | c3mbrich! · wall_segment Palisade Wall x1 |
| 24:16 | OS +| NeoZz · age_up castle |
| 24:32 | [R1] Pume · first_market_buy 100 wood |
| 24:51 | Oni.TaToH · first_market_sell 100 stone |
| 25:02 | c3mbrich! · wall_segment Palisade Wall x1 |
| 26:00 | ANKR.Blve · first_building Monastery |
| 28:11 | Oni.TaToH · first_building Monastery |
| 29:52 | [R1] 12Tirador · first_market_buy 100 wood |
| 30:42 | BSL | Dragonstar · first_building Monastery |
| 30:43 | OS +| NeoZz · first_building Castle |
| 32:24 | OS +| NeoZz · first_building Siege Workshop |
| 32:26 | [R1] 12Tirador · wall_segment Stone Wall x1 |
| 32:27 | [R1] 12Tirador · wall_segment Stone Wall x1 |
| 32:29 | [R1] 12Tirador · wall_segment Stone Wall x1 |
| 32:49 | [R1] 12Tirador · wall_segment Stone Wall x1 |
| 32:51 | OS +| NeoZz · wall_segment Stone Wall x8 |
| 32:54 | OS +| NeoZz · wall_segment Stone Wall x7 |
| 32:57 | OS +| NeoZz · wall_segment Stone Wall x10 |
| 33:16 | OS +| NeoZz · wall_segment Stone Wall x10 |
| 33:18 | OS +| NeoZz · wall_segment Stone Wall x6 |
| 33:19 | c3mbrich! · first_market_buy 100 food |
| 33:50 | BSL | Dragonstar · wall_segment Palisade Wall x1 |
| 34:03 | BSL | Dragonstar · first_building Castle |
| 34:22 | BSL | Dragonstar · first_market_sell 100 food |
| 34:30 | 12345 · first_building Castle |
| 35:19 | BSL | Dragonstar · first_market_buy 100 stone |
| 35:22 | BSL | Dragonstar · first_building Krepost |
| 35:23 | ANKR.Blve · first_building Castle |
| 35:34 | [R1] Pume · first_building Castle |
| 36:35 | OS +| NeoZz · age_up imperial |
| 36:39 | [R1] 12Tirador · first_building Monastery |
| 36:49 | c3mbrich! · first_building Monastery |
| 37:05 | [R1] Pume · first_market_sell 100 wood |
| 37:32 | OS +| NeoZz · wall_segment Stone Wall x1 |
| 37:33 | OS +| NeoZz · wall_segment Stone Wall x1 |
| 37:35 | OS +| NeoZz · wall_segment Stone Wall x10 |
| 37:36 | OS +| NeoZz · wall_segment Stone Wall x4 |
| 37:38 | OS +| NeoZz · wall_segment Stone Wall x13 |
| 37:52 | [R1] Pume · first_building Stable |
| 37:53 | ANKR.Blve · first_market_sell 500 wood |
| 38:10 | BSL | Dragonstar · age_up imperial |
| 38:49 | Oni.TaToH · wall_segment Palisade Wall x1 |
| 38:51 | OS +| NeoZz · first_market_sell 500 food |
| 38:53 | OS +| NeoZz · first_market_buy 100 wood |
| 38:58 | Oni.TaToH · first_building Castle |
| 40:19 | [R1] 12Tirador · wall_segment Stone Wall x1 |
| 40:21 | [R1] 12Tirador · wall_segment Stone Wall x3 |
| 40:33 | [R1] 12Tirador · age_up imperial |
| 40:51 | c3mbrich! · age_up imperial |
| 40:54 | c3mbrich! · wall_segment Stone Wall x7 |
| 41:07 | ANKR.Blve · age_up imperial |
| 41:08 | OS +| NeoZz · wall_segment Stone Wall x7 |
| 41:26 | Oni.TaToH · resign |
[ AI ANALYSIS · 1 CREDIT ]
What really happened in this match?
Wolo.gg analyzes every decision: build order, eco, micro, common mistakes by bracket. Personalized analysis on WhatsApp or Discord in 30 seconds.
Civ guide
Franks
Perfil
Jugador #19867271